 Dungeon Crawl Stone Soup version 0.19.1 (webtiles) character file.

625 equalderp2856 the Gouger (level 7, 0/31 HPs)
             Began as a Felid Fighter on Nov 26, 2016.
             Killed by divine providence
             ... invoked by an orc priest
              (9 damage)
             ... on level 6 of the Dungeon.
             The game lasted 00:22:21 (6812 turns).

equalderp2856 the Gouger (Felid Fighter)            Turns: 6812, Time: 00:22:22

Health: 0/31       AC:  2    Str: 13    XL:     7   Next: 23%
Magic:  10/10      EV: 22    Int: 10    God:
Gold:   266        SH:  0    Dex: 16    Spells: 3 memorised, 6 levels left
                                        Lives:  0   Deaths: 2

rFire  + . .     SeeInvis +       - Unarmed
rCold  . . .     Gourm    .     (armour unavailable)
rNeg   . . .     Faith    .     (shield unavailable)
rPois  .         Spirit   .     (helmet unavailable)
rElec  .         Reflect  .     (cloak unavailable)
rCorr  .         Harm     .     (gloves unavailable)
MR     +....                    (boots unavailable)
Stlth  ++++......               (no amulet)
                                (no ring)
                                n - ring of protection from fire

@: quick
A: no armour, no weapons or thrown items, stealth, claws 1, fangs 3, see
invisible, carnivore 3, speed 1, shaggy fur 2, slow metabolism 1, sharp paws
a: no special abilities


You were on level 6 of the Dungeon.
You were not hungry.

You visited 1 branch of the dungeon, and saw 6 of its levels.

You collected 266 gold pieces.

Inventory:

Missiles
 c - a throwing net
 i - 32 arrows
 k - 3 needles of sleeping
Jewellery
 g - a +2 amulet of reflection {unknown}
 n - a ring of protection from fire (left paw)
 s - an uncursed amulet of harm {unknown}
Wands
 o - a wand of random effects (11/48)
 A - a wand of iceblast (7/15)
Scrolls
 e - 6 scrolls of identify
 q - a scroll of magic mapping
 t - a scroll of noise
 w - 2 scrolls of remove curse
 x - a scroll of random uselessness {unknown}
 y - a scroll of amnesia
Potions
 a - 2 potions of might
 d - a potion of ambrosia
 h - a potion of berserk rage
 j - a potion of heal wounds
 z - a potion of lignification {unknown}
Books
 r - a book of Cantrips

   Spells                             Type                      Level
   a - Confusing Touch                Hexes                        1
   b - Animate Skeleton               Necromancy                   1
   c - Summon Small Mammal            Summoning                    1
   d - Apportation                    Translocation                1
 u - a book of Callings

   Spells                             Type                      Level
   a - Summon Small Mammal            Summoning                    1
   b - Call Imp                       Summoning                    2
   c - Call Canine Familiar           Summoning                    3
   d - Summon Guardian Golem          Hexes/Summoning              3
   e - Summon Lightning Spire         Summoning/Air                4
   f - Summon Ice Beast               Ice/Summoning                4
Comestibles
 b - 4 meat rations
 f - 5 bread rations
 m - a beef jerky
 p - 2 slices of pizza


   Skills:
 + Level 3.4 Fighting
 + Level 6.2 Dodging
 + Level 6.5 Stealth
 + Level 8.5 Unarmed Combat
 * Level 1.5 Spellcasting


You had 6 spell levels left.
You knew the following spells:

 Your Spells              Type           Power        Failure   Level  Hunger
a - Animate Skeleton      Necr           N/A          38%         1    ##.....
b - Summon Small Mammal   Summ           #...         38%         1    ##.....
c - Confusing Touch       Hex            #.....       38%         1    ##.....


Dungeon Overview and Level Annotations

Branches:
Dungeon (6/15)
 Temple: D:4-7

Altars:
Trog
Vehumet
The Shining One


Innate Abilities, Weirdness & Mutations

You cannot wear armour.
You are incapable of wielding weapons or throwing items.
Your paws allow you to move quietly. (Stealth)
You have sharp claws.
You have razor-sharp teeth.
You have supernaturally acute eyesight. (SInv)
You are carnivorous and can eat meat at any time.
You cover ground quickly.
You are covered in thick fur. (AC +2)
You have a slow metabolism.
Your sharp claws are effective at attacking unaware monsters.


Message History

The magic dart hits you!
You claw the orc wizard!
You claw the orc wizard, but do no damage.
The orc wizard is severely wounded.
The orc priest calls upon Beogh to heal the orc wizard.
The orc wizard is healed somewhat.
The orc wizard mumbles some strange words.
The orc wizard looks braver for a moment.
Found 24 stones.
You barely miss the orc warrior.
You bite the orc warrior, but do no damage.
The orc warrior hits you with a +0 hand axe!!
Ouch! That really hurt!
* * * LOW HITPOINT WARNING * * *
You hear a shout!
The orc wizard casts a spell.
The orc wizard flickers and vanishes for a moment.
The orc priest calls down the wrath of Beogh upon you.
Beogh smites you!
You die...

#.(.#####.#.##.# #g# #.#
#..o..g.o.#.##.# #g# #.##
#.#.#######.##)## #g# ...#
#.......# #.#.o.## #g# #..#
###.###.###......###.# #..#
#...o.......)...##.###..#
##..o#.##.........#......#
##.................'.......
#.........@........####...#
#.....##.###.......## ##<.#
#.......#.# #<.....## ##.#
#.........# #.#...## ##...
#.......### #.##+## #..#.
##.....# #.o.....# #....
#..... #.#.##..# #.### ..
....##..# #.# ....#...##
#.#


You could see an orc warrior, an orc priest and an orc wizard (invisible).

Vanquished Creatures
  Sigmund (D:2)
  A sky beast (D:6)
  A centaur (D:5)
  A bullfrog (D:6)
  A wyvern zombie (D:6)
  A wyvern skeleton (D:6)
  3 wights (D:6)
  2 crimson imps (D:5)
  2 hounds (D:5)
  A gnoll shaman (D:6)
  2 orc wizards (D:6)
  Jessica (D:2)
  5 worker ants
  3 hound skeletons
  5 gnolls
  4 adders
  4 oozes
  4 worms
  4 dart slugs
  3 leopard geckos
  2 orcs (D:6)
  A ball python (D:1)
  9 giant cockroaches
  9 goblins
  6 hobgoblins
  7 jackals
  2 quokkas (D:3)
  8 bats
  3 frilled lizards
  7 kobolds
  A quokka skeleton (D:4)
  7 rats
111 creatures vanquished.

Notes
Turn   | Place    | Note
-------+----------+-------------------------------------------
     0 | D:1      | equalderp2856 the Felid Fighter began the quest for the Orb.
     0 | D:1      | Reached XP level 1. HP: 10/10 MP: 2/2
     1 | D:1      | Found a runed door.
   219 | D:1      | Reached XP level 2. HP: 14/14 MP: 3/3
   764 | D:1      | Reached skill level 1 in Stealth
  1020 | D:1      | Reached XP level 3. HP: 16/17 MP: 4/4
  1113 | D:1      | Reached skill level 5 in Unarmed Combat
  1295 | D:2      | Reached XP level 4. HP: 15/21 MP: 5/5
  1707 | D:2      | Noticed Jessica
  1711 | D:2      | Noticed Sigmund
  2952 | D:2      | Killed Sigmund
  2952 | D:2      | Reached skill level 5 in Dodging
  2952 | D:2      | Reached skill level 6 in Unarmed Combat
  2952 | D:2      | Reached XP level 5. HP: 21/24 MP: 6/6
  3015 | D:2      | Killed Jessica
  3015 | D:2      | Gained mutation: You are covered in thick fur. (AC +2) [Felid growth]
  3015 | D:2      | Reached XP level 6. HP: 23/28 MP: 7/7
  4480 | D:4      | Learned a level 1 spell: Animate Skeleton
  4482 | D:4      | Learned a level 1 spell: Summon Small Mammal
  4484 | D:4      | Learned a level 1 spell: Confusing Touch
  4636 | D:4      | Reached skill level 7 in Unarmed Combat
  4832 | D:5      | Entered Level 5 of the Dungeon
  4892 | D:5      | Reached XP level 7. HP: 31/31 MP: 8/8
  5073 | D:5      | Found a glowing golden altar of the Shining One.
  5319 | D:5      | Reached skill level 5 in Stealth
  5814 | D:6      | Slain by a wyvern skeleton
  5815 | D:6      | Reached XP level 6. HP: 0/28 MP: 7/7
  5815 | D:6      | Found a radiant altar of Vehumet.
  5984 | D:6      | Noticed an orc warrior
  5985 | D:6      | Found a bloodstained altar of Trog.
  6041 | D:6      | Mangled by an orc warrior
  6042 | D:6      | Reached XP level 5. HP: -8/24 MP: 6/6
  6079 | D:6      | Noticed a sky beast
  6091 | D:6      | Killed a sky beast
  6091 | D:6      | Reached skill level 8 in Unarmed Combat
  6091 | D:6      | Reached XP level 6. HP: 19/28 MP: 6/8
  6596 | D:6      | Reached skill level 1 in Spellcasting
  6621 | D:6      | Reached XP level 7. HP: 31/31 MP: 9/9
  6812 | D:6      | Killed from afar by an orc priest

Skill      XL: |  1  2  3  4  5  6  7 |
---------------+----------------------+-----
Stealth        | 1 3 6 5 |  6.5
Unarmed Combat | 5 6 8 7 |  8.5
Dodging        | 5 6 |  6.2
Spellcasting   | 1 |  1.5
Fighting       | |  3.4

Action                   |  1- 3 |  4- 6 |  7- 9 || total
-------------------------+-------+-------+-------++-------
Melee: Unarmed           |   123 |   195 |    52 ||   370
       Bite              |    13 |    21 |     7 ||    41
       Punch             |     2 |     7 |     2 ||    11
  Use: Scroll            |       |    10 |       ||    10
       Potion            |       |     4 |     3 ||     7
 Stab: Sleeping          |     5 |     8 |     7 ||    20
  Eat: Chunk             |     2 |    11 |     3 ||    16
Armor: Skin              |    13 |     8 |     3 ||    24
Dodge: Dodged            |   144 |   143 |    31 ||   318
